AoeStats
← Abetterhandle

Black Forest

510267443Analyzed
4v4 RM · 2d ago on Sep 30, 2026· 68m 21s· 8 players
Game mode
Random Map
Map size
Large (8 player)
Population
200
Speed
Normal
Resources
Standard
Victory
Conquest
Starting age
Dark Age
Ending age
Imperial Age
RankedLock teamsTeams togetherTeam positionsShared explorationLock speedFull tech treeHidden civsTurbo modeCheats
Victory
Defeat
🇭🇰 Italians · Hong Kong SAR China
977
+12
🇨🇭 Vietnamese · Switzerland
919
+15
🇨🇳 Ethiopians · China
901
+15
🇭🇰 Britons · Hong Kong SAR China
896
+16
🇳🇿 Mongols · New Zealand
922
-15
🇪🇸 Persians · Spain
894
-15
🇪🇸 Inca · Spain
894
-15
🇪🇸 Saracens · Spain
861
-13
Bako
13:05 Feudal Age
20:27 Castle Age
19:45 Double-Bit Axe
19:47 Horse Collar
24:47 Caravan
26:12 Gold Mining
27:38 Heavy Plow
32:44 Chatras
35:55 Imperial Age
34:01 Wheelbarrow
33:45 Fletching
34:31 Bodkin Arrow
34:36 Padded Archer Armor
34:47 Forging
35:43 Hand Cart
35:55 Bloodlines
35:46 Husbandry
35:50 Elite Skirmisher
37:11 Paper Money
37:03 Stone Mining
37:59 Bracer
38:15 Leather Archer Armor
38:36 Iron Casting
38:01 Scale Mail Armor
38:06 Scale Barding Armor
38:38 Bow Saw
39:06 Elite Battle Elephant
39:08 Light Cavalry
39:18 Pikeman
39:59 Squires
40:45 Ring Archer Armor
41:37 Ballistics
42:18 Chemistry
41:16 Murder Holes
42:05 Chain Mail Armor
42:07 Elite Rattan Archer
44:30 Two-Man Saw
43:28 Elite Fire Lancer
43:47 Imperial Skirmisher
44:34 Thumb Ring
47:09 Plate Mail Armor
47:00 Chain Barding Armor
56:29 Halberdier
こちやさなえ
0:31 Loom
12:57 Feudal Age
17:59 Castle Age
15:48 Double-Bit Axe
17:56 Horse Collar
19:25 Fletching
19:36 Padded Archer Armor
22:11 Bow Saw
26:36 Ballistics
26:35 Bodkin Arrow
28:01 Heavy Plow
32:55 Imperial Age
31:55 Leather Archer Armor
31:30 Treadmill Crane
31:44 Gold Mining
33:44 Wheelbarrow
33:55 Bracer
36:47 Conscription
38:28 Ring Archer Armor
41:05 Forging
40:56 Scale Mail Armor
42:54 Iron Casting
43:44 Chain Mail Armor
44:58 Crop Rotation
46:56 Caravan
50:52 Hand Cart
51:54 Blast Furnace
51:24 Plate Mail Armor
51:12 Town Watch
54:24 Chemistry
54:58 Elite Genoese Crossbowman
66:31 Squires
66:17 Arson
wkl
2:44 Loom
14:01 Feudal Age
14:35 Double-Bit Axe
14:35 Horse Collar
18:52 Castle Age
17:20 Stone Mining
19:52 Wheelbarrow
19:04 Town Watch
19:46 Bow Saw
19:48 Heavy Plow
22:06 Gold Mining
27:15 Gold Shaft Mining
29:09 Hand Cart
33:17 Imperial Age
32:09 Stone Shaft Mining
32:36 Town Patrol
32:51 Royal Heirs
33:03 Man-at-Arms
33:43 Squires
33:28 Arson
34:47 Conscription
35:49 Two-Man Saw
34:44 Fletching
35:04 Forging
34:55 Scale Mail Armor
34:39 Crossbowman
35:46 Halberdier
36:39 Thumb Ring
38:03 Elite Shotel Warrior
38:46 Torsion Engines
39:20 Caravan
39:48 Arbalester
43:23 Bodkin Arrow
44:04 Iron Casting
43:29 Scale Mail Armor
43:30 Padded Archer Armor
43:36 Scale Barding Armor
45:17 Elite Skirmisher
47:40 Chemistry
46:36 Murder Holes
47:02 Chain Mail Armor
47:02 Leather Archer Armor
47:48 Blast Furnace
46:48 Bracer
49:24 Imperial Skirmisher
50:30 Heavy Camel Rider
51:12 Husbandry
50:32 Light Cavalry
50:34 Cavalier
53:30 Plate Mail Armor
53:30 Ring Archer Armor
53:21 Chain Barding Armor
53:02 Bracer
54:00 Hussar
yanbb0916
6:09 Loom
12:15 Feudal Age
12:50 Double-Bit Axe
14:20 Double-Bit Axe
18:38 Horse Collar
25:48 Castle Age
23:43 Gold Mining
27:13 Bow Saw
27:05 Heavy Plow
26:57 Stone Mining
27:43 Gold Shaft Mining
28:37 Wheelbarrow
28:07 Caravan
29:53 Hand Cart
34:22 Imperial Age
32:06 Padded Archer Armor
33:01 Town Watch
33:34 Fletching
33:59 Leather Archer Armor
34:00 Town Patrol
35:29 Conscription
37:23 Two-Man Saw
41:32 Yeomen
41:15 Bodkin Arrow
41:50 Ring Archer Armor
41:57 Herbal Medicine
41:36 Elite Longbowman
42:17 Warwolf
42:53 Hoardings
44:00 Ballistics
43:21 Treadmill Crane
43:51 Masonry
44:42 Chemistry
43:48 Siege Engineers
47:43 Architecture
47:09 Murder Holes
47:32 Bracer
49:55 Fervor
50:06 Sanctity
Croquetero
12:08 Feudal Age
16:05 Castle Age
14:25 Double-Bit Axe
14:22 Horse Collar
16:17 Loom
19:41 Wheelbarrow
19:26 Bow Saw
19:18 Heavy Plow
20:54 Hand Cart
24:29 Gold Mining
24:30 Stone Mining
26:41 Gold Shaft Mining
32:02 Imperial Age
30:16 Caravan
32:05 Arson
32:21 Squires
32:07 Gambesons
34:12 Chemistry
33:35 Ballistics
33:23 Siege Engineers
33:14 Murder Holes
33:37 Forging
33:18 Fletching
33:28 Scale Mail Armor
33:28 Padded Archer Armor
33:34 Scale Barding Armor
32:53 Heavy Camel Rider
33:34 Husbandry
33:44 Bloodlines
38:37 Two-Man Saw
37:01 Man-at-Arms
38:35 Conscription
40:25 Iron Casting
44:58 Pikeman
46:15 Onager
48:18 Counterweights
48:20 Bimaristan
48:46 Hoardings
51:21 Siege Onager
51:58 Light Cavalry
53:37 Chain Barding Armor
54:17 Blast Furnace
53:13 Bodkin Arrow
53:33 Leather Archer Armor
53:34 Chain Mail Armor
53:04 Hussar
javierprietotroncoso
0:55 Loom
12:40 Feudal Age
13:04 Double-Bit Axe
13:10 Horse Collar
17:24 Wheelbarrow
22:07 Castle Age
20:59 Gold Mining
21:01 Stone Mining
22:55 Bow Saw
23:21 Town Watch
24:03 Heavy Plow
24:59 Caravan
26:34 Gold Shaft Mining
27:39 Stone Shaft Mining
29:52 Hand Cart
32:26 Imperial Age
30:52 Hand Cart
31:06 Town Patrol
32:25 Forging
32:16 Scale Mail Armor
32:22 Scale Barding Armor
32:09 Fletching
32:20 Padded Archer Armor
32:32 Masonry
32:43 Ballistics
32:50 Fervor
33:52 Two-Man Saw
33:26 Crop Rotation
33:16 Kamandaran
34:00 Conscription
35:18 Chemistry
34:50 Architecture
34:51 Murder Holes
35:38 Iron Casting
35:29 Chain Mail Armor
35:52 Chain Barding Armor
35:42 Bodkin Arrow
36:21 Leather Archer Armor
35:41 Crossbowman
36:45 Thumb Ring
36:23 Pikeman
37:04 Pikeman
39:14 Blast Furnace
38:56 Plate Mail Armor
39:37 Plate Barding Armor
38:50 Halberdier
39:36 Squires
39:23 Arson
39:42 Elite Skirmisher
41:06 Ring Archer Armor
42:13 Bloodlines
41:58 Cavalier
43:07 Husbandry
44:34 Savar
45:49 Citadels
46:16 Hoardings
50:45 Block Printing
50:27 Herbal Medicine
50:33 Devotion
60:58 Light Cavalry
64:26 Hussar
Abetterhandle
0:56 Loom
13:38 Feudal Age
14:53 Double-Bit Axe
16:06 Gold Mining
20:47 Castle Age
19:24 Horse Collar
33:32 Imperial Age
30:59 Town Watch
32:44 Wheelbarrow
32:42 Heavy Plow
33:21 Bloodlines
34:30 Onager
35:08 Fletching
36:28 Siege Engineers
37:33 Capped Ram
39:33 Forging
39:29 Scale Barding Armor
40:37 Husbandry
39:58 Elite Steppe Lancer
43:40 Chain Barding Armor
44:40 Iron Casting
47:56 Blast Furnace
52:16 Padded Archer Armor
52:13 Bodkin Arrow
54:39 Thumb Ring
55:54 Hand Cart
55:47 Bodkin Arrow
55:18 Elite Skirmisher
57:18 Leather Archer Armor
rubys
2:26 Loom
11:47 Feudal Age
12:28 Feudal Age
14:31 Wheelbarrow
14:58 Horse Collar
15:07 Double-Bit Axe
17:58 Castle Age
16:30 Stone Mining
18:43 Heavy Plow
18:56 Bow Saw
18:42 Gold Mining
25:02 Gold Shaft Mining
27:54 Squires
27:19 Elite Skirmisher
29:44 Stone Shaft Mining
32:34 Hand Cart
32:35 Caravan
32:52 Town Watch
37:33 Imperial Age
35:54 Fletching
36:05 Padded Archer Armor
37:36 Bodkin Arrow
37:56 Leather Archer Armor
38:07 Andean Sling
38:48 Town Patrol
38:51 Bracer
39:57 Chemistry
39:18 Ballistics
38:57 Murder Holes
38:29 Capped Ram
41:12 Conscription
41:02 Andean Sling
41:03 Fabric Shields
41:26 Siege Ram
41:35 Siege Ram
48:12 Champi Runner
49:27 Ring Archer Armor
49:07 Forging
48:58 Scale Mail Armor
49:20 Champi Warrior
51:25 Crop Rotation
53:34 Elite Kamayuk
54:55 Iron Casting
54:36 Chain Mail Armor
62:42 Elite Kamayuk
63:29 Champi Warrior
65:20 Blast Furnace
64:50 Plate Mail Armor
64:47 Elite Champi Warrior
Connection lost

Rejoining the realm…

Still unreachable

The connection could not be restored.

Session expired

The server has moved on; the page needs a fresh start.